AoeStats
← ApocalypseOx

Nomad

503249146Analyzed
2v2 RM · 1mo ago on Aug 30, 2026· 49m 28s· 4 players
Game mode
Random Map
Map size
176×176
Population
200
Speed
Normal
Resources
Standard
Victory
Conquest
Starting age
Dark Age
Ending age
Imperial Age
RankedLock teamsTeams togetherTeam positionsShared explorationLock speedFull tech treeHidden civsTurbo modeCheats
Victory
Defeat
🇬🇧 Wu · United Kingdom
1253
+17
🇬🇧 Muisca · United Kingdom
1253
+17
🇨🇱 Britons · Chile
1285
-17
🇨🇱 Japanese · Chile
1282
-17
RandyPanda
11:40 Loom
14:28 Feudal Age
18:26 Castle Age
17:06 Double-Bit Axe
18:32 Fletching
19:20 Bow Saw
23:24 Horse Collar
25:13 Ballistics
25:49 Bodkin Arrow
31:45 Town Watch
36:07 Padded Archer Armor
42:01 Imperial Age
41:37 Wheelbarrow
42:29 Leather Archer Armor
43:14 Conscription
49:26 Elite Fire Archer
ApocalypseOx
4:40 Loom
15:48 Feudal Age
16:43 Double-Bit Axe
20:09 Castle Age
19:04 Double-Bit Axe
19:04 Horse Collar
20:46 Fletching
28:07 Bow Saw
32:27 Wheelbarrow
32:59 Bodkin Arrow
33:35 Heavy Plow
33:27 Gold Mining
34:20 Padded Archer Armor
35:23 Leather Archer Armor
36:25 Gold Shaft Mining
36:08 Hand Cart
36:12 Town Watch
39:50 Imperial Age
40:02 Herbalism
40:36 Bracer
41:57 Coinage
42:14 Ballistics
42:55 Chemistry
41:19 Elite Guecha Warrior
43:48 Town Patrol
44:30 Conscription
44:54 Banking
45:29 Champi Runner
46:10 Squires
46:11 Scale Mail Armor
46:23 Forging
46:28 Champi Warrior
47:26 Chain Mail Armor
48:22 Iron Casting
47:51 Elite Champi Warrior
Julio_15
5:58 Loom
17:31 Feudal Age
18:20 Double-Bit Axe
20:09 Town Watch
21:32 Fletching
25:16 Castle Age
23:30 Gold Mining
24:59 Fishing Lines
26:02 Bodkin Arrow
25:32 Crossbowman
27:24 Bow Saw
29:31 Medium Warships
29:44 Padded Archer Armor
30:07 Ballistics
32:06 Wheelbarrow
35:24 Gillnets
35:51 Stone Mining
39:06 Imperial Age
40:16 Conscription
41:04 Chemistry
40:51 Bracer
44:09 Masonry
45:22 Leather Archer Armor
45:19 Arbalester
46:08 Elite Skirmisher
Kirintor
6:00 Loom
15:56 Feudal Age
16:24 Man-at-Arms
17:05 Double-Bit Axe
17:22 Arson
21:48 Scale Mail Armor
21:59 Forging
24:02 Castle Age
25:30 Chain Mail Armor
24:41 Long Swordsman
25:07 Gambesons
26:01 Bow Saw
28:08 Gold Mining
29:02 Fletching
32:01 Wheelbarrow
32:30 Horse Collar
35:12 Gold Shaft Mining
35:26 Yasama
35:28 Town Watch
37:46 Hand Cart
40:02 Imperial Age
39:39 Iron Casting
42:08 Two-Man Saw
41:14 Bodkin Arrow
42:27 Conscription
Connection lost

Rejoining the realm…

Still unreachable

The connection could not be restored.

Session expired

The server has moved on; the page needs a fresh start.